 Dungeon Crawl Stone Soup version 0.30.0-20-g3615ddf2f0 (webtiles) character file.

Game seed: 15289311476590435506

382 qw the Chopper (level 6, -2/38 HPs)
             Began as a Gargoyle Fighter on May 29, 2023.
             Slain by a gnoll
             ... wielding a +0 spear
              (5 damage)
             ... on level 4 of the Dungeon.
             The game lasted 00:01:35 (2958 turns).

qw the Chopper (Gargoyle Fighter)                   Turns: 2958, Time: 00:01:35

Health: -2/38      AC: 13    Str: 22    XL:     6   Next: 76%
Magic:  6/6        EV: 10    Int:  8    God:
Gold:   117        SH:  4    Dex:  9    Spells: 5/5 levels left

rFire   . . .        Y - +1 war axe
rCold   . . .        c - +0 buckler
rNeg    + . .        b - +0 scale mail
rPois   inf          (no helmet)
rElec   +            (no cloak)
rCorr   .            h - +0 pair of gloves
SInv    .            a - +0 pair of boots
Will    .....        (no amulet) Stlth
                     (no ring)
HPRegen 0.26/turn    (no ring)
MPRegen 0.10/turn

%: no passive effects
@: no status effects
A: sickness immunity, AC +4, negative energy resistance 1, electricity
resistance, torment resistance 1, petrification resistance
a: no special abilities


You were on level 4 of the Dungeon.
You visited 1 branch of the dungeon, and saw 4 of its levels.

You collected 156 gold pieces.
You spent 39 gold pieces at shops.


Innate Abilities, Weirdness & Mutations

You are immune to sickness and miasma.
Your stone body is resilient. (AC +4)
You are immune to poison.
You resist negative energy. (rN+)
You are resistant to electric shocks. (rElec)
You are resistant to unholy torment.
You are immune to petrification.


   Skills:
 - Level 4.0 Fighting
 + Level 5.0 Axes
 - Level 3.2 Armour
 - Level 2.9 Dodging
 - Level 3.2 Shields


You had 5 spell levels left.
You didn't know any spells.
Your spell library was empty.

Inventory:

Hand Weapons
 m - a +0 flail
 Y - a +1 war axe (weapon)
Missiles
 n - 2 boomerangs (quivered)
Armour
 a - a +0 pair of boots (worn)
 b - a +0 scale mail (worn)
 c - a +0 buckler (worn)
 h - a +0 pair of gloves (worn)
Jewellery
 l - a ring of ice
Scrolls
 o - a scroll of identify
Potions
 d - a potion of might
 e - a potion of cancellation {unknown}
 g - 2 potions of attraction
 i - a potion of curing
 j - a potion of mutation {unknown}
 k - a potion of haste {unknown}

Dungeon Overview and Level Annotations

Branches:
Dungeon (4/15)
 Temple: D:4-7

Altars:
Qazlal

Shops:
D:3 !(   D:4 :

Annotations:
D:4 2 transporters


Message History

Grinder is heavily wounded.
Grinder hits you but does no damage. The gnoll hits you but does no damage.
You slash Grinder!
Grinder is severely wounded.
Grinder gestures at you. Pain shoots through your body!
The gnoll hits you from afar with a +0 spear.
You barely miss Grinder.
Grinder is severely wounded.
The iron imp shouts!
Grinder hits you.
You writhe in agony.
The gnoll hits you from afar with a +0 spear.
The gnoll closely misses you.
The gnoll hits you from afar with a +0 spear.
Grinder gestures at you. You resist with significant effort.
You closely miss Grinder.
Grinder is severely wounded.
Grinder hits you but does no damage.
The gnoll hits you from afar with a +0 spear. x2
You slash Grinder!
You kill Grinder!
The gnoll hits you from afar with a +0 spear.
The gnoll hits you but does no damage.
Your Dodging skill gained 2 levels and is now at level 2!
You have reached level 6!
The gnoll hits you but does no damage. The gnoll closely misses you.
Enter note:
Enter note:
Enter note: You hit the gnoll.
The gnoll is heavily wounded.
You hit the gnoll but do no damage. The gnoll barely misses you. x2
You barely miss the gnoll.
The gnoll is heavily wounded.
You barely miss the gnoll. The gnoll hits you but does no damage.
The gnoll barely misses you. The gnoll hits you with a +0 spear.
You die...

#........### # #.
#......))# 5.. #.
#.....gg## ### #.
#####...# ##.# ##.
#...# ##..## . #..
#....###....####..
....###
#............)....
.......
##......g./.......
...#### ##.
#g@.#####
#.#.#...#
#.#.#...#
#.#.#...# #
#.#.....# #
#.####.## # #. #.#
# #. #.## # #..###
#


You could see 2 gnolls.

Vanquished Creatures
  Grinder (D:4)
  An orc priest (D:3)
  An orc wizard (D:3)
  3 gnolls
  4 adders
  A worm (D:3)
  3 dart slugs
  8 orcs (D:3)
  5 endoplasms
  3 giant cockroaches
  5 hobgoblins
  2 jackals (D:3)
  5 kobolds
  3 quokkas
  5 ball pythons
  4 bats
  3 frilled lizards
  4 goblins
  5 rats
66 creatures vanquished.

Notes
Turn   | Place    | Note
-------+----------+-------------------------------------------
     0 | D:1      | qw the Gargoyle Fighter began the quest for the Orb.
     0 | D:1      | Reached XP level 1. HP: 14/14 MP: 1/1
     0 | D:1      | 0 ||| qw: Version: 0.2-a-101-gf424e7f
     0 | D:1      | 0 ||| qw: Game counter: 363
     0 | D:1      | 0 ||| qw: Always use a shield: true
     0 | D:1      | 0 ||| qw: God list: Okawaru
     0 | D:1      | 0 ||| qw: Allow faded altars: false
     0 | D:1      | 0 ||| qw: Do Orc after D:15 true
     0 | D:1      | 0 ||| qw: Do second Lair branch before Depths: true
     0 | D:1      | 0 ||| qw: Lair rune preference: random
     0 | D:1      | 0 ||| qw: Plans: Normal, Zot:1-4, Slime:5, God:TSO, Crypt,
                  | Tomb, Pan, Hells, Abyss, Win
     0 | D:1      | 0 ||| PLANNING D:1-11
    77 | D:1      | Reached skill level 2 in Axes
   226 | D:1      | Reached XP level 2. HP: 15/19 MP: 2/2
   374 | D:1      | 374 ||| Stepping ~*~*~tactically~*~*~ (stealth).
   380 | D:1      | 380 ||| Stepping ~*~*~tactically~*~*~ (stealth).
   392 | D:1      | Reached skill level 3 in Axes
   511 | D:1      | Reached XP level 3. HP: 23/23 MP: 3/3
   764 | D:1      | 764 ||| UPGRADING to +0 pair of gloves.
   769 | D:1      | 769 ||| READING scroll labelled XOWALA POCLAO.
   774 | D:1      | 774 ||| READING scroll labelled ELOHIYRYNO.
   775 | D:1      | 775 ||| DRINKING 2 purple potions.
   851 | D:2      | 851 ||| Stepping ~*~*~tactically~*~*~ (stealth).
   858 | D:2      | 858 ||| Stepping ~*~*~tactically~*~*~ (stealth).
   889 | D:2      | 889 ||| Stepping ~*~*~tactically~*~*~ (stealth).
   898 | D:2      | Reached XP level 4. HP: 27/28 MP: 4/4
  1090 | D:2      | Found a stormy altar of Qazlal.
  1250 | D:2      | 1250 ||| Stepping ~*~*~tactically~*~*~ (hiding).
  1259 | D:2      | Reached skill level 4 in Axes
  1487 | D:2      | 1487 ||| READING 2 scrolls labelled ZAOKKUCWOT.
  1488 | D:2      | 1488 ||| READING scroll labelled POASOXZERIM.
  1489 | D:2      | 1489 ||| READING scroll labelled MARASTR WALEXIRCH.
  1490 | D:2      | 1490 ||| DRINKING 2 brown potions.
  1491 | D:2      | 1491 ||| DROPPING scroll of amnesia.
  1583 | D:3      | 1583 ||| DRINKING 2 potions of curing.
  1583 | D:3      | 1583 ||| (to cure confusion)
  1584 | D:3      | 1584 ||| DRINKING potion of curing.
  1584 | D:3      | 1584 ||| (to cure confusion)
  1595 | D:3      | 1595 ||| Stepping ~*~*~tactically~*~*~ (hiding).
  1596 | D:3      | 1596 ||| Stepping ~*~*~tactically~*~*~ (hiding).
  1603 | D:3      | Reached XP level 5. HP: 19/32 MP: 5/5
  1670 | D:3      | Found Sigerade's Distillery.
  1674 | D:3      | 1674 ||| Stepping ~*~*~tactically~*~*~ (stealth).
  1676 | D:3      | 1676 ||| Stepping ~*~*~tactically~*~*~ (stealth).
  1705 | D:3      | 1705 ||| BUYING potion of attraction (39 gold).
  1705 | D:3      | Bought a potion of attraction for 39 gold pieces
  1705 | D:3      | 1705 ||| SHOPLISTING potion of haste (130 gold, have 33).
  1705 | D:3      | 1705 ||| SHOPLISTING potion of heal wounds (65 gold, have
                  | 33).
  1705 | D:3      | 1705 ||| SHOPLISTING potion of mutation (104 gold, have
                  | 33).
  1705 | D:3      | 1705 ||| SHOPLISTING potion of resistance (130 gold, have
                  | 33).
  1705 | D:3      | Found Nucoy's Weapon Shop.
  1857 | D:3      | Reached skill level 5 in Axes
  1867 | D:3      | 1867 ||| DROPPING +0 whip.
  2277 | D:3      | 2277 ||| UPGRADING to +0 pair of boots.
  2282 | D:3      | 2282 ||| READING scroll labelled DILATRO HEZXUA.
  2283 | D:3      | 2283 ||| READING 2 scrolls labelled VURAOV AGEYTZ.
  2284 | D:3      | 2284 ||| DROPPING scroll of fear.
  2496 | D:4      | 2496 ||| Stepping ~*~*~tactically~*~*~ (stealth).
  2497 | D:4      | 2497 ||| Stepping ~*~*~tactically~*~*~ (stealth).
  2552 | D:4      | Noticed Grinder
  2554 | D:4      | Paralysed by Grinder for 5 turns
  2565 | D:4      | 2565 ||| FLEEEEING.
  2579 | D:4      | 2579 ||| FLEEEEING.
  2593 | D:4      | 2593 ||| FLEEEEING.
  2625 | D:4      | HP: 3/33 [Grinder (9)]
  2626 | D:4      | 2626 ||| READING 2 scrolls of teleportation.
  2630 | D:4      | 2630 ||| Stepping ~*~*~tactically~*~*~ (hiding).
  2753 | D:4      | Noticed a small abomination
  2763 | D:4      | Found a transporter.
  2767 | D:4      | Found a transporter.
  2774 | D:4      | 2774 ||| Stepping ~*~*~tactically~*~*~ (stealth).
  2783 | D:4      | HP: 6/33 [gnoll/+0 spear (5)]
  2784 | D:4      | 2784 ||| READING scroll of teleportation.
  2918 | D:4      | Found Deam Goa's Book Shop.
  2937 | D:4      | 2937 ||| Stepping ~*~*~tactically~*~*~ (hiding).
  2953 | D:4      | HP: 7/33 [gnoll/+0 spear (3)]
  2955 | D:4      | Killed Grinder
  2955 | D:4      | HP: 2/33 [gnoll/+0 spear (3)]
  2956 | D:4      | Reached XP level 6. HP: 2/38 MP: 6/6
  2958 | D:4      | Slain by a gnoll

Levels and vault maps discovered:
D:1:      lemuel_arrival_cross, layout_loops_cross
D:2:      minmay_evil_eye, layout_rooms, basic_altar, minmay_misc_feat_chi
D:3:      layout_loops_ring, serial_shops, shop,
          nicolae_shop_bloodbath_and_beyond, minivault_26
D:4:      layout_basic, serial_shops, nicolae_shop_competitors_out_of_business,
          gammafunk_ghost_abyssal_escape, uniq_grinder

Skill      XL: |  1  2  3  4  5 |
---------------+----------------+-----
Axes           | 2 3 4 5 |  5.0
Fighting       | 4 |  4.0
Dodging        | 2 |  2.9
Armour         | |  3.2
Shields        | |  3.2

Action                     |  1- 3 |  4- 6 || total
---------------------------+-------+-------++-------
  Melee: War axe           |   101 |   105 ||   206
         Unarmed           |       |    15 ||    15
  Throw: Boomerang         |       |    17 ||    17
    Use: Scroll            |     2 |     7 ||     9
         Potion            |     1 |     3 ||     4
 Armour: Scale mail        |    44 |    41 ||    85
  Dodge: Dodged            |    46 |    54 ||   100
  Block: Buckler           |    17 |    15 ||    32

Table legend:
 A = Non-vault XP
 B = Vault XP
 C = Vault XP percentage of total XP
 D = Non-vault monster count
 E = Vault monster count
 F = Vault count percentage of total count
                 A         B        C        D         E       F
            +---------+---------+-------+---------+---------+-------
      Total |     245 |     301 |  55.1 |      56 |      10 |  15.2
            +---------+---------+-------+---------+---------+-------
        D:1 |      48 |       0 |   0.0 |      20 |       0 |   0.0
        D:2 |      13 |      43 |  76.8 |       8 |       9 |  52.9
        D:3 |     149 |       0 |   0.0 |      23 |       0 |   0.0
        D:4 |      35 |     258 |  88.1 |       5 |       1 |  16.7
            +---------+---------+-------+---------+---------+-------
